 Dungeon Crawl Stone Soup version 0.27.1-34-g3ba077fa99 (webtiles) character file.

Game seed: 1402243959829080399

4 mcbry74 the Caller (level 1, 0/13 HPs)
             Began as a Merfolk Summoner on Jan 24, 2022.
             Slain by a bat (1 damage)
             ... on level 1 of the Dungeon.
             The game lasted 00:02:47 (211 turns).

mcbry74 the Caller (Merfolk Summoner)                Turns: 211, Time: 00:02:48

Health: 0/13       AC:  2    Str:  8    XL:     1   Next: 60%
Magic:  1/3        EV: 12    Int: 14    God:
Gold:   0          SH:  0    Dex: 14    Spells: 3/4 levels left

rFire    . . .     SeeInvis .   d - +0 club
rCold    . . .     Faith    .   (no shield)
rNeg     . . .     Spirit   .   a - +0 robe
rPois    .         Reflect  .   (no helmet)
rElec    .         Harm     .   (no cloak)
rCorr    .         Rampage  .   (no gloves)
Will     .....                  (no boots)
Stlth    ++........             (no amulet)
HPRegen  0.04/turn              (no ring)
MPRegen  0.08/turn              (no ring)

@: no status effects
A: (nimble swimmer 2), mertail
a: no special abilities


You were on level 1 of the Dungeon.
You visited 1 branch of the dungeon, and saw 1 of its levels.

Inventory:

Hand Weapons
 d - a +0 club (weapon)
Missiles
 b - 42 stones
Armour
 a - a +0 robe (worn)
Potions
 c - a potion of ambrosia {unknown}


   Skills:
 - Level 2.6 Dodging
 - Level 2.1 Stealth
 + Level 2.1 Spellcasting
 + Level 4.1 Summonings


You had 3 spell levels left.
You knew the following spells:

 Your Spells              Type           Power      Damage    Failure   Level
a - Summon Small Mammal   Summ           52%        N/A       4%          1

Your spell library contained the following spells:

 Spells                   Type           Power      Damage    Failure   Level
 Call Imp                 Summ           13%        N/A       7%          2
 Call Canine Familiar     Summ           13%        N/A       13%         3
 Summon Guardian Golem    Hex/Summ       7%         N/A       30%         3
 Summon Lightning Spire   Summ/Air       7%         N/A       69%         4


Dungeon Overview and Level Annotations

Branches:
Dungeon (1/15)

Altars:


Innate Abilities, Weirdness & Mutations

((You are quick and stealthy near water. (Stealth+, EV+, Speed+++)))
Your lower body shifts to a powerful aquatic tail in water.


Message History

Your bat hits the goblin.
The goblin dies!
You swap places.
You see here a +0 club.
d - a +0 club
d - a +0 club (weapon)
Found a stone staircase leading down.
A kobold comes into view. It is wielding a +0 short sword.
Your bat disappears in a puff of smoke!
The kobold shouts!
You hear a shout!
You closely miss the kobold.
Your rat disappears in a puff of smoke!
The kobold barely misses you.
The kobold hits you with a +0 short sword.
Casting: Summon Small Mammal (safe; 4% risk of failure)
Confirm with . or Enter, or press ? or * to list all spells.
The kobold hits you with a +0 short sword.
Casting: Summon Small Mammal (safe; 4% risk of failure)
Confirm with . or Enter, or press ? or * to list all spells.
Your bat barely misses the kobold.
A bat comes into view.
A quokka comes into view.
The kobold hits you with a +0 short sword.
* * * LOW HITPOINT WARNING * * *
You swap places.
Your bat hits the kobold but does no damage.
Your bat barely misses the kobold.
Your bat hits the kobold but does no damage.
Your bat hits the kobold.
Your bat closely misses the kobold.
Your bat hits the kobold but does no damage.
Your bat hits the kobold but does no damage.
Your bat hits the kobold. Your bat misses the kobold.
The quokka bites your bat. The kobold closely misses you.
Your bat barely misses the kobold.
Your bat hits the kobold. x2
The bat hits your bat.
Your bat hits the kobold.
The kobold dies!
Your bat barely misses the quokka.
Your bat completely misses the quokka.
The bat hits you.
You die...

#.#.........# #
#.#########.#
#.#........##.#
#.......##.##.#
#####...##.##.###
##.###.##...# #†#
#.####.# #.#
#.####.##########
###.###......@........#
#..........>.b.b).....#
##.....#.###....r......#
#....[...# #..##.b.....#
#......### #..##.......#
#.....## #..####.##..#
#....## #..# #.# ..#
#..... #..# #.# ..#
#..... #..# >.. .#


You could see a quokka (ally target), a bat and 2 friendly bats.

Vanquished Creatures (collateral kills)
  3 ball pythons (D:1)
  A goblin (D:1)
  A kobold (D:1)
  A bat (D:1)
6 creatures vanquished.

Notes
Turn   | Place    | Note
-------+----------+-------------------------------------------
     0 | D:1      | mcbry74 the Merfolk Summoner began the quest for the Orb.
     0 | D:1      | Reached XP level 1. HP: 13/13 MP: 3/3
   211 | D:1      | Slain by a bat

Illustrated notes

Levels and vault maps discovered:
D:1:      heliophobic_arrival_enchanted_forest, layout_loops_ring

Action                   || total
-------------------------++-------
Melee: Club              ||     1
 Cast: Summon Small Mamm ||     9
Armor: Robe              ||     2
Dodge: Dodged            ||     7
